 Dungeon Crawl Stone Soup version 0.25-a0-435-g4b9beb1024 (webtiles) character file.

Game seed: 5184936377625767825, levelgen mode: deterministic

2552 Elellon the Thaumaturge (level 9, -11/45 HPs)
             Began as a Deep Elf Conjurer on Jan 29, 2020.
             Was an Initiate of Vehumet.
             Mangled by Joseph
             ... wielding a +0 vorpal quarterstaff
              (14 damage)
             ... on level 7 of the Dungeon.
             The game lasted 00:13:05 (6315 turns).

Elellon the Thaumaturge (Deep Elf Conjurer)         Turns: 6315, Time: 00:13:06

Health: -11/45     AC:  4    Str:  7    XL:     9   Next: 31%
Magic:  10/26      EV: 13    Int: 22    God:    Vehumet [......]
Gold:   222        SH:  0    Dex: 15    Spells: 24/31 levels left

rFire    + . .     SeeInvis .   A - +3 whip (flame)
rCold    . . .     Gourm    .   (no shield)
rNeg     . . .     Faith    .   a - +0 robe
rPois    .         Spirit   .   D - +1 helmet
rElec    .         Reflect  .   (no cloak)
rCorr    .         Harm     .   (no gloves)
MR       .....                  (no boots)
Stlth    ++........             (no amulet)
HPRegen  0.15/turn              h - ring of wizardry
MPRegen  0.20/turn              s - ring of protection from fire

@: no status effects
A: no striking features
a: Renounce Religion


You were on level 7 of the Dungeon.
You worshipped Vehumet.
Vehumet was noncommittal.
You were not hungry.

You visited 2 branches of the dungeon, and saw 8 of its levels.

You collected 222 gold pieces.

Inventory:

Hand Weapons
 A - a +3 whip of flaming (weapon)
Armour
 a - a +0 robe (worn)
 D - a +1 helmet (worn)
Jewellery
 h - a ring of wizardry (left hand)
 o - an uncursed ring of magical power {unknown}
 s - a ring of protection from fire (right hand)
 F - an uncursed ring of wizardry
Wands
 w - a wand of flame (45)
 y - a wand of random effects (22)
 z - a wand of polymorph (4)
Scrolls
 d - 4 scrolls of teleportation
 f - 5 scrolls of identify
 l - a scroll of immolation
 u - a scroll of vulnerability {unknown}
 B - a scroll of magic mapping
 C - a scroll of amnesia
 E - a scroll of fog
 G - a scroll of blinking
Potions
 b - a potion of ambrosia {unknown}
 e - 3 potions of haste {unknown}
 g - 4 potions of mutation {unknown}
 i - a potion of degeneration {unknown}
 j - a potion of resistance
 k - 3 potions of heal wounds {unknown}
 m - a potion of cancellation {unknown}
 n - 2 potions of might {unknown}
 p - a potion of invisibility {unknown}
 q - 5 potions of curing {unknown}
 t - a potion of lignification {unknown}
 v - a potion of brilliance {unknown}
 x - a potion of flight {unknown}
Comestibles
 c - 9 rations
 r - 5 chunks of flesh


   Skills:
 - Level 2.4 Dodging
 - Level 2.4 Stealth
 + Level 11.8 Spellcasting
 + Level 10.7 Conjurations


You had 24 spell levels left.
You knew the following spells:

 Your Spells              Type           Power        Failure   Level  Hunger
a - Magic Dart            Conj           ####         1%          1    None
b - Searing Ray           Conj           ######       1%          2    None
c - Iskenderun's Mystic   Conj/Tloc      #####...     2%          4    None

Your spell library contained the following spells:

 Spells                   Type           Power        Failure   Level  Hunger
 Corona                   Hex            ##.....      1%          1    None
 Dazzling Flash           Conj/Hex       #####.       1%          3    None
 Fulminant Prism          Conj/Hex       #####.....   2%          4    None
 Ensorcelled Hibernation  Hex/Ice        ##....       3%          2    None
 Confusing Touch          Hex            ##......     6%          3    None
 Tukima's Dance           Hex            ##......     6%          3    None


Dungeon Overview and Level Annotations

Branches:
Dungeon (7/15)             Temple (1/1) D:6

Altars:
Ashenzari
Cheibriados
Dithmenos
Elyvilon
Fedhas
Gozag
Hepliaklqana
Kikubaaqudgha
Makhleb
Nemelex Xobeh
Okawaru
Qazlal
Ru
Trog
Uskayaw
Vehumet
Wu Jian
Xom
Yredelemnul
Zin
The Shining One

Annotations:
D:7 Joseph


Message History

The searing ray hits Maggie!
Maggie is almost dead. (Press . to maintain the ray.) Joseph shoots a sling bullet.
The sling bullet hits you.
* * * LOW HITPOINT WARNING * * *
x2 The searing ray hits Joseph!
Joseph is severely wounded.
The searing ray hits Maggie!
You break out of your daze!
You kill Maggie!
Vehumet accepts your kill.
Joseph says, "The best offense is a good offense."
The searing ray hits Joseph!
Joseph is almost dead.
The searing ray hits the hound!
The hound is heavily wounded.
Joseph unwields a +0 vorpal hunting sling.
Joseph wields a +0 vorpal quarterstaff.
Joseph hits you with a +0 vorpal quarterstaff!
You die...

#.# #.# #####.# #.....#
#.##### #.# #.#
#.##################.(#
#......)[......@@h)h..#
####################..#


You could see Joseph and 2 hounds.

Vanquished Creatures
  Pikel (D:4)
  Maggie (D:7)
  Grinder (D:6)
  Edmund (D:6)
  A phantom (D:4)
  2 slaves
  5 ogres
  4 scorpions
  2 howler monkeys
  4 crimson imps
  A centaur zombie (D:6)
  An orc priest (D:4)
  3 hounds (D:5)
  An orc wizard (D:4)
  A bullfrog skeleton (D:5)
  Ijyb (D:3)
  Jessica (D:2)
  An iguana (D:6)
  Terence (D:2)
  3 worker ants
  9 adders
  A howler monkey skeleton (D:5)
  A shadow imp (D:5)
  An ooze (D:4)
  A worm (D:3)
  2 dart slugs
  3 leopard geckos
  3 orcs
  A ball python (D:1)
  6 giant cockroaches
  8 hobgoblins
  8 jackals
  3 quokkas
  A ball python skeleton (D:4)
  5 bats
  2 frilled lizards (D:4)
  9 goblins
  8 kobolds
  2 leopard gecko skeletons
  A quokka zombie (D:6)
  7 rats
118 creatures vanquished.

Notes
Turn   | Place    | Note
-------+----------+-------------------------------------------
     0 | D:1      | Elellon the Deep Elf Conjurer began the quest for the Orb.
     0 | D:1      | Reached XP level 1. HP: 10/10 MP: 6/6
   270 | D:1      | Reached XP level 2. HP: 15/15 MP: 5/8
   310 | D:1      | Learned a level 2 spell: Searing Ray
  1026 | D:2      | Noticed Jessica
  1029 | D:2      | Reached skill level 4 in Spellcasting
  1030 | D:2      | Killed Jessica
  1030 | D:2      | Reached skill level 5 in Conjurations
  1030 | D:2      | Reached XP level 3. HP: 19/19 MP: 4/10
  1339 | D:2      | Noticed Terence
  1375 | D:2      | Killed Terence
  1375 | D:2      | Reached XP level 4. HP: 12/24 MP: 2/12
  1928 | D:3      | Reached skill level 5 in Spellcasting
  2492 | D:3      | Noticed Ijyb
  2500 | D:3      | Killed Ijyb
  2500 | D:3      | Reached XP level 5. HP: 28/28 MP: 5/14
  2675 | D:4      | Noticed a slave
  2680 | D:4      | Noticed a slave
  2682 | D:4      | Noticed a slave
  2684 | D:4      | Killed a slave
  2685 | D:4      | Noticed a slave
  2717 | D:3      | Killed a slave
  2937 | D:4      | Noticed a phantom
  3112 | D:4      | Reached skill level 6 in Spellcasting
  3124 | D:4      | Reached XP level 6. HP: 32/32 MP: 2/17
  3216 | D:4      | Noticed Pikel
  3226 | D:4      | Killed Pikel
  3226 | D:4      | Reached skill level 8 in Spellcasting
  3226 | D:4      | Reached XP level 7. HP: 22/36 MP: 5/20
  3474 | D:4      | Reached skill level 9 in Spellcasting
  3555 | D:4      | Reached XP level 8. HP: 41/41 MP: 17/23
  3857 | D:5      | Entered Level 5 of the Dungeon
  5000 | D:6      | Found a blossoming altar of Fedhas.
  5021 | D:6      | Reached skill level 10 in Spellcasting
  5179 | D:6      | Learned a level 4 spell: Iskenderun's Mystic Blast
  5280 | D:6      | Noticed Edmund
  5287 | D:6      | Killed Edmund
  5422 | D:6      | Found a staircase to the Ecumenical Temple.
  5430 | Temple   | Entered the Ecumenical Temple
  5490 | Temple   | Became a worshipper of Vehumet
  5506 | D:6      | Noticed Grinder
  5510 | D:6      | Killed Grinder
  5510 | D:6      | Reached skill level 11 in Spellcasting
  5510 | D:6      | Reached skill level 10 in Conjurations
  5518 | D:6      | Reached XP level 9. HP: 45/45 MP: 7/26
  6298 | D:7      | Noticed Maggie
  6304 | D:7      | Noticed Joseph
  6314 | D:7      | Killed Maggie
  6315 | D:7      | Mangled by Joseph

Levels and vault maps discovered:
D:1:      giann_wishing_wells, layout_basic, serial_glass, glass_columns_a,
          glass_columns_a
D:2:      layout_rooms, serial_rivers, chequers_serial_rivers_small_b,
          chequers_serial_rivers_large_b, chequers_serial_rivers_micro_a,
          chequers_serial_rivers_large_a, chequers_serial_rivers_room_b,
          chequers_serial_rivers_small_b, minivault_27, corexii_corridor_pit,
          uniq_jessica, uniq_terence
D:3:      layout_basic, first_ration, uniq_ijyb
D:4:      layout_cave_pools, minmay_crystal_room, uniq_pikel
D:5:      layout_rooms
D:6:      layout_basic, minmay_temple_entry_mini_moons, st_stairs_5,
          fedhas_altar_2, uniq_edmund, uniq_grinder
D:7:      layout_basic, uniq_maggie, uniq_menkaure, uniq_joseph
Temple:   dpeg_three_leaves_temple

Skill      XL: |  1  2  3  4  5  6  7  8 |
---------------+-------------------------+-----
Spellcasting   | 4 5 6 8 9 11 | 11.8
Conjurations   | 5 6 7 8 10 | 10.7
Dodging        | |  2.4
Stealth        | |  2.4

Action                   |  1- 3 |  4- 6 |  7- 9 || total
-------------------------+-------+-------+-------++-------
 Cast: Magic Dart        |    47 |    77 |    85 ||   209
       Searing Ray       |     3 |    14 |    42 ||    59
  Use: Scroll            |       |       |    13 ||    13
  Eat: Chunk             |     1 |     6 |     9 ||    16
Armor: Robe              |     1 |     1 |     7 ||     9
Dodge: Dodged            |     6 |     8 |    22 ||    36

Table legend:
 A = Non-vault XP
 B = Vault XP
 C = Vault XP percentage of total XP
 D = Non-vault monster count
 E = Vault monster count
 F = Vault count percentage of total count
                 A         B        C        D         E       F
            +---------+---------+-------+---------+---------+-------
      Total |    1942 |    1705 |  46.8 |     107 |       9 |   7.8
            +---------+---------+-------+---------+---------+-------
        D:1 |      29 |       0 |   0.0 |      17 |       0 |   0.0
        D:2 |      28 |      73 |  72.3 |      17 |       2 |  10.5
        D:3 |      44 |      38 |  46.3 |      15 |       1 |   6.2
        D:4 |     553 |     673 |  54.9 |      20 |       1 |   4.8
        D:5 |     523 |       0 |   0.0 |      18 |       0 |   0.0
        D:6 |     647 |     503 |  43.7 |      19 |       4 |  17.4
        D:7 |     118 |     418 |  78.0 |       1 |       1 |  50.0
            +---------+---------+-------+---------+---------+-------
